 Dungeon Crawl Stone Soup version 0.30.1 (webtiles) character file.

Game seed: 1278238223617348201

405 safid the Chiller (level 6, -4/47 HPs)
             Began as a Merfolk Ice Elementalist on July 5, 2023.
             Slain by an orc
             ... wielding a +0 hand axe
              (5 damage)
             ... on level 5 of the Dungeon.
             The game lasted 00:07:15 (3884 turns).

safid the Chiller (Merfolk Ice Elementalist)        Turns: 3884, Time: 00:07:15

Health: -4/47      AC:  2    Str:  8    XL:     6   Next: 87%
Magic:  11/11      EV: 18    Int: 17    God:
Gold:   130        SH:  0    Dex: 14    Spells: 5/12 levels left

rFire   + . .        g - +3 short sword (protect)
rCold   + . .        (no shield)
rNeg    . . .        a - +0 robe
rPois   +            (no helmet)
rElec   +            (no cloak)
rCorr   +            (no gloves)
SInv    .            (no boots)
Will    .....        h - amulet of reflection
Stlth   +            c - +5 ring of evasion
HPRegen 0.27/turn    s - ring of flight
MPRegen 0.12/turn

%: reflection
@: confused, lethally poisoned (-4 -> -8), resistant, on berserk cooldown,
flying, hasted and slowed
A: (nimble swimmer 2), mertail
a: no special abilities


You were on level 5 of the Dungeon.
You visited 1 branch of the dungeon, and saw 5 of its levels.

You collected 130 gold pieces.

Inventory:

Hand Weapons
 g - a +3 short sword of protection (weapon)
 p - a +0 eveningstar
Missiles
 u - 2 throwing nets
Armour
 a - a +0 robe (worn)
Jewellery
 c - a +5 ring of evasion (left hand)
 h - an amulet of reflection (around neck)
 i - an amulet of the acrobat
 s - a ring of flight (right hand)
Scrolls
 d - a scroll of enchant armour {unknown}
 e - 10 scrolls of identify {unknown}
 f - a scroll of blinking {unknown}
 j - a scroll of immolation {unknown}
 l - a scroll of enchant weapon {unknown}
 o - a scroll of noise {unknown}
 q - 3 scrolls of poison {unknown}
Potions
 b - a potion of magic
 k - a potion of flight
 n - 2 potions of haste


   Skills:
 + Level 3.1 Fighting
 - Level 3.7 Dodging
 - Level 3.1 Stealth
 + Level 3.9 Spellcasting
 + Level 6.0 Ice Magic


You had 5 spell levels left.
You knew the following spells:

 Your Spells              Type           Power      Damage    Failure   Level
a - Freeze                Ice            96%        1d10      1%          1
b - Frozen Ramparts       Ice            48%        1d8       4%          3
c - Ozocubu's Armour      Ice            24%        N/A       4%          3

Your spell library contained the following spells:

 Spells                   Type           Power      Damage    Failure   Level
 Summon Ice Beast         Ice/Summ       13%        N/A       41%         4


Dungeon Overview and Level Annotations

Branches:
Dungeon (5/15)
 Temple: D:4-7

Altars:
Nemelex Xobeh

Annotations:
D:3 Grinder


Innate Abilities, Weirdness & Mutations

((You are very nimble when in or above water. (Stealth+, EV+, Speed+++)))
Your lower body shifts to a powerful aquatic tail in water.


Message History

You bump into the rock wall.
You are no longer berserk.
You are exhausted.
You feel yourself slow down.
You feel sick. The ufetubus barely misses you. x2
You hear some strange, mumbled words.
A puff of flame appears from out of thin air!
The puff of flame hits you.
* * * LOW HITPOINT WARNING * * *
Unknown command.
Unknown command.
It was a potion of resistance.
You feel protected.
You feel less invigorated.
You feel sick. The ufetubus completely misses you.
The ufetubus hits you but does no damage.
The ufetubus closely misses you. The ufetubus misses you.
The orc barely misses you. Something hits you but does no damage.
Something hits you.
* * * LOW HITPOINT WARNING * * *
Unknown command.
Okay, then.
You feel as though your hastened speed will last longer.
You feel sick. The ufetubus misses you. The ufetubus closely misses you.
The orc closely misses you.
You hear some strange, mumbled words.
A puff of flame appears from out of thin air!
The puff of flame hits you. You resist.
* * * LOW HITPOINT WARNING * * *
Something hits you.
* * * LOW HITPOINT WARNING * * *
Unknown command.
You are too confused!
Unknown command.
Unknown command.
Unknown command.
You closely miss the orc.
* * * LOW HITPOINT WARNING * * *
You feel sick. The ufetubus completely misses you.
The ufetubus closely misses you. The ufetubus completely misses you. x2
The orc hits you with a +0 hand axe.
You die...

.......
#........
##........
#........8
##.........
#o.........
#{#......$.
#@{........
###o5.$.....#
#...<.......8
#...........#
###.........#
...........
....########
#....# ..####


You could see 2 orcs and an ufetubus.

Vanquished Creatures
  3 scorpions (D:4)
  A jelly (D:4)
  A sleepcap (D:4)
  Natasha (D:2)
  4 gnolls (D:4)
  3 adders
  A worm (D:2)
  2 dart slugs
  4 orcs (D:3)
  9 bats
  3 endoplasms
  2 giant cockroaches
  4 goblins
  7 hobgoblins
  4 quokkas
  7 ball pythons
  3 frilled lizards
  11 kobolds
  4 rats
74 creatures vanquished.

Notes
Turn   | Place    | Note
-------+----------+-------------------------------------------
     0 | D:1      | safid the Merfolk Ice Elementalist began the quest for the
                  | Orb.
     0 | D:1      | Reached XP level 1. HP: 13/13 MP: 3/3
   451 | D:1      | Reached XP level 2. HP: 15/19 MP: 0/5
   992 | D:2      | Found a faded altar of an unknown god.
  1087 | D:2      | Reached XP level 3. HP: 24/24 MP: 4/6
  1091 | D:2      | Learned a level 3 spell: Frozen Ramparts
  1470 | D:2      | Found a sparkling altar of Nemelex Xobeh.
  1619 | D:2      | Noticed Natasha
  1624 | D:2      | Killed Natasha
  1625 | D:2      | Reached XP level 4. HP: 25/30 MP: 3/8
  2050 | D:3      | Reached skill level 5 in Ice Magic
  2085 | D:3      | Noticed Grinder
  2283 | D:3      | Learned a level 3 spell: Ozocubu's Armour
  2494 | D:4      | Reached skill level 1 in Fighting
  2574 | D:3      | Paralysed by Grinder for 4 turns
  2579 | D:3      | HP: 1/32 [Grinder (1)]
  2581 | D:3      | Paralysed by Grinder for 4 turns
  2729 | D:4      | Noticed a scorpion
  2745 | D:4      | Killed a scorpion
  2746 | D:4      | Reached XP level 5. HP: 17/38 MP: 9/9
  3151 | D:4      | Reached XP level 6. HP: 46/46 MP: 4/11
  3756 | D:4      | Reached skill level 6 in Ice Magic
  3860 | D:5      | Entered Level 5 of the Dungeon
  3883 | D:5      | HP: 1/47 [something (2)]
  3884 | D:5      | Slain by an orc

Illustrated notes

Levels and vault maps discovered:
D:1:      onia_arrival_mini_spirals, layout_basic
D:2:      layout_basic, ebering_ecumenical_altar_box, basic_altar, minivault_24,
          minmay_cut_off, uniq_natasha
D:3:      layout_loops_ring, chequers_jeans, roderic_batcave, uniq_grinder
D:4:      layout_basic
D:5:      layout_rooms, minmay_temple_entry_junction_2,
          lightli_ossuary_entry_decrepit_ruins, chequers_serial_rivers_micro_b,
          minmay_misc_feat_doors, st_stairs_10, grunt_ministairs_12,
          eino_tiny_chamber, uniq_prince_ribbit1, uniq_eustachio

Skill      XL: |  1  2  3  4  5  6 |
---------------+-------------------+-----
Dodging        | 3 |  3.7
Stealth        | 3 |  3.1
Ice Magic      | 5 6 |  6.0
Fighting       | 1 2 3 |  3.1
Spellcasting   | 3 |  3.9

Action                     |  1- 3 |  4- 6 || total
---------------------------+-------+-------++-------
  Melee: Club              |     5 |       ||     5
         Unarmed           |     1 |       ||     1
         Dagger            |    14 |     3 ||    17
         Eveningstar       |       |    40 ||    40
         Short sword       |       |    37 ||    37
   Cast: Freeze            |    47 |    27 ||    74
         Frozen Ramparts   |       |    10 ||    10
         Ozocubu's Armour  |       |     6 ||     6
    Use: Potion            |       |     9 ||     9
   Stab: Sleeping          |     2 |     3 ||     5
 Armour: Robe              |     6 |    19 ||    25
  Dodge: Dodged            |    39 |   152 ||   191
  Block: Other             |     8 |    35 ||    43
